 Dungeon Crawl Stone Soup version 0.30-a0-802-gb92711bcdf (webtiles) character file.

Game seed: 12336291656838698059

175 demibob the Slasher (level 5, -1/45 HPs)
             Began as a Minotaur Fighter on Feb 24, 2023.
             Slain by an ogre
             ... wielding a +0 giant spiked club
              (16 damage)
             ... on level 4 of the Dungeon.
             The game lasted 00:02:54 (2629 turns).

demibob the Slasher (Minotaur Fighter)              Turns: 2629, Time: 00:02:55

Health: -1/45      AC:  6    Str: 20    XL:     5   Next: 29%
Magic:  4/4        EV:  9    Int:  7    God:
Gold:   162        SH:  5    Dex: 10    Spells: 4/4 levels left

rFire   . . .      SeeInvis .    a - +0 long sword
rCold   . . .      Faith    .    (no shield)
rNeg    + . .      Spirit   .    b - +0 scale mail
rPois   +          Reflect  +    (helmet restricted)
rElec   .          Harm     .    (no cloak)
rCorr   .          Rampage  .    (no gloves)
Will    .....                    (no boots) Stlth
                                 l - amulet of reflection
HPRegen 0.27/turn                P - ring of poison resistance
MPRegen 0.09/turn                N - ring of positive energy

@: no status effects
A: horns 2, retaliatory headbutt
a: no special abilities


You were on level 4 of the Dungeon.
You visited 1 branch of the dungeon, and saw 4 of its levels.

You collected 162 gold pieces.


Innate Abilities, Weirdness & Mutations

You have a pair of horns on your head.
You reflexively headbutt those who attack you in melee.


   Skills:
 - Level 3.6 Fighting
 + Level 6.7 Long Blades
 - Level 3.6 Armour
 - Level 3.6 Shields


You had 4 spell levels left.
You didn't know any spells.
Your spell library contained the following spells:

 Spells                   Type           Power      Damage    Failure   Level
 Sublimation of Blood     Necr           0%         N/A       89%         2
 Wereblood                Tmut           0%         N/A       89%         2
 Tukima's Dance           Hex            0%         N/A       98%         3
 Passage of Golubria      Tloc           0%         N/A       100%        4
 Yara's Violent Unravell  Hex/Tmut       0%         3d3       100%        5
 Summon Hydra             Summ           0%         N/A       100%        7

Inventory:

Hand Weapons
 a - a +0 long sword (weapon)
Missiles
 c - a throwing net {=f}
Armour
 b - a +0 scale mail (worn)
Jewellery
 h - an amulet of faith {!P}
 l - an amulet of reflection (around neck)
 N - a ring of positive energy (right hand)
 P - a ring of poison resistance (left hand)
Wands
 n - a wand of polymorph (5)
Scrolls
 f - 3 scrolls of identify {@r1}
 i - a scroll of amnesia
Potions
 d - 2 potions of might
 e - 2 potions of heal wounds {unknown}
 g - a potion of flight
 j - 2 potions of curing {@q1}
 k - 2 potions of cancellation {unknown}

Dungeon Overview and Level Annotations

Branches:
Dungeon (4/15)
 Temple: D:4-7

Altars:
Dithmenos
Uskayaw

##....# #.⚑...# ##....#
.##. .##..## ... ....##
.... .... # ..### ... . ...
..# ####### #..# .# #.# ..#
..##..###..##.######.###..#
.......#.......O@.'.......#
.......#..........#.......#
.......#..........#.......#
.......'..........#.......#
.......#..........#.......#
..###..##..######.##.###..#
..####'##..##.######.###..#
...#....#.................#
...#....#.................#


You could see an ogre.


Message History

You open the door.
Found an escape hatch in the floor.
There is an open door here.
You open the door.
There is an open door here.
You hear the brisk rusting of a very distant drain.
An ogre comes into view. It is wielding a +0 giant spiked club.
Unknown command.
The ogre shouts!
There is an open door here.
The ogre hits you with a +0 giant spiked club!!
You hit the ogre.
The ogre is lightly wounded.
You hit the ogre but do no damage. You headbutt the ogre!
The ogre is heavily wounded.
The ogre hits you with a +0 giant spiked club!
* * * LOW HITPOINT WARNING * * *
You are too injured to fight recklessly!
You hit the ogre but do no damage.
The ogre is heavily wounded.
The ogre barely misses you.
You hit the ogre but do no damage.
The ogre is heavily wounded.
You barely miss the ogre.
The ogre is heavily wounded.
The ogre hits you with a +0 giant spiked club.
* * * LOW HITPOINT WARNING * * *
It was a potion of curing.
You feel better.
The ogre hits you with a +0 giant spiked club!
You die...

Skill      XL: |  1  2  3  4 |
---------------+-------------+-----
Long Blades    | 3 4 5 6 |  6.7
Fighting       | |  3.6
Armour         | |  3.6
Shields        | |  3.6

Action                     |  1- 3 |  4- 6 || total
---------------------------+-------+-------++-------
  Melee: Long sword        |   100 |    69 ||   169
         Headbutt          |     6 |     8 ||    14
         Unarmed           |       |     1 ||     1
         Punch             |       |     1 ||     1
    Use: Scroll            |     3 |     6 ||     9
         Potion            |       |     1 ||     1
 Armour: Scale mail        |    58 |    16 ||    74
  Dodge: Dodged            |    48 |    31 ||    79
  Block: Other             |     2 |    18 ||    20

Levels and vault maps discovered:
D:1:      ncdulo_watergridlock, layout_basic
D:2:      layout_basic, dreamdust_wishing_well
D:3:      layout_basic, general_overflow_altar,
          hellmonk_ecumenical_altar_prayer_group, minmay_misc_feat_cross
D:4:      layout_gridville, nicolae_dithmenos_through_a_glass_darkly,
          gup_sewer_entry_bubbles, uniq_edmund

Notes
Turn   | Place    | Note
-------+----------+-------------------------------------------
     0 | D:1      | demibob the Minotaur Fighter began the quest for the Orb.
     0 | D:1      | Reached XP level 1. HP: 19/19 MP: 0/0
   115 | D:1      | Reached skill level 3 in Long Blades
   256 | D:1      | Reached XP level 2. HP: 26/26 MP: 1/1
   496 | D:2      | Reached skill level 4 in Long Blades
   507 | D:2      | Reached XP level 3. HP: 31/31 MP: 2/2
   953 | D:2      | Reached skill level 5 in Long Blades
  1044 | D:2      | Reached XP level 4. HP: 37/39 MP: 3/3
  1489 | D:3      | Found a faded altar of an unknown god.
  1932 | D:3      | Found a hide-covered altar of Uskayaw.
  2206 | D:4      | Found a shadowy altar of Dithmenos.
  2306 | D:4      | Reached skill level 6 in Long Blades
  2429 | D:4      | Reached XP level 5. HP: 40/45 MP: 4/4
  2620 | D:4      | Noticed an ogre
  2628 | D:4      | HP: 4/45 [ogre/+0 giant spiked club (6)]
  2629 | D:4      | Slain by an ogre

Vanquished Creatures
  An orc priest (D:4)
  An orc wizard (D:4)
  5 adders
  6 orcs (D:4)
  5 ball pythons
  7 bats
  7 endoplasms
  2 giant cockroaches (D:3)
  4 goblins
  7 hobgoblins
  4 jackals (D:4)
  4 kobolds (D:2)
  6 quokkas
  3 frilled lizards (D:1)
  3 rats (D:2)
65 creatures vanquished.

Table legend: (Time is in decaauts)
 A = Elapsed time spent in this place.
 B = Non-inter-level travel time spent in this place.
 C = Inter-level travel time spent in this place.
 D = Time resting spent in this place.
 E = Time spent auto-exploring this place.
 F = Levels seen in this place.
 G = Mean time per level.
                   A        B        C        D        E       F      G
               +--------+--------+--------+--------+--------+-----+--------+
         Total |   2653 |   2577 |     76 |    116 |   2005 |   4 |  663.2 |
       Dungeon |   2653 |   2577 |     76 |    116 |   2005 |   4 |  663.2 |
               +--------+--------+--------+--------+--------+-----+--------+

Top non-repeatable levels by time:
     D:2: 934 daAuts
     D:3: 752 daAuts
     D:1: 499 daAuts
     D:4: 467 daAuts

Table legend:
 A = Non-vault XP
 B = Vault XP
 C = Vault XP percentage of total XP
 D = Non-vault monster count
 E = Vault monster count
 F = Vault count percentage of total count
                 A         B        C        D         E       F
            +---------+---------+-------+---------+---------+-------
      Total |     249 |       2 |   0.8 |      64 |       1 |   1.5
            +---------+---------+-------+---------+---------+-------
        D:1 |      26 |       0 |   0.0 |      16 |       0 |   0.0
        D:2 |      91 |       0 |   0.0 |      26 |       0 |   0.0
        D:3 |      15 |       2 |  11.8 |       8 |       1 |  11.1
        D:4 |     117 |       0 |   0.0 |      14 |       0 |   0.0
            +---------+---------+-------+---------+---------+-------
